 Dungeon Crawl Stone Soup version 0.18-a0-987-g0b0e4e7 (webtiles) character file.

88 gorblad the Magician (level 4, -5/33 HPs)
             Began as a Demigod Wizard on Jan 3, 2016.
             Slain by Sigmund
             ... wielding a +0 scythe
              (10 damage)
             ... on level 3 of the Dungeon.
             The game lasted 00:09:40 (2545 turns).

gorblad the Magician (Demigod Wizard)               Turns: 2545, Time: 00:09:40

Health: -5/33      AC:  6    Str: 10    XL:     4   Next: 8%
Magic:  12/12      EV: 12    Int: 24    God:
Gold:   52         SH:  0    Dex: 14    Spells: 1 memorised, 9 levels left

rFire  . . .     SeeInvis .     k - +1 short sword
rCold  . . .     Gourm    .     a - +0 robe
rNeg   . . .     Faith    .     (no shield)
rPois  .         Spirit   .     b - +1 hat
rElec  .         Dismiss  .     (no cloak)
rCorr  .         Reflect  .     e - +2 pair of gloves
SustAt +         Harm     .     (no boots)
MR     .....                    (no amulet)
Stlth  ++........               (no ring)
                                (no ring)

@: not resistant to hostile enchantments, unstealthy
A: high mp 1, sustain attributes
a: no special abilities


You were on level 3 of the Dungeon.
You were not hungry.

You visited 1 branch of the dungeon, and saw 3 of its levels.

You collected 52 gold pieces.

Inventory:

Hand Weapons
 k - a +1 short sword (weapon)
Armour
 a - a +0 robe (worn)
 b - a +1 hat (worn)
 e - a +2 pair of gloves (worn)
Scrolls
 i - a scroll of identify
Potions
 j - 2 potions of resistance
 n - a potion of might
Books
 c - a book of Minor Magic

   Spells                             Type                      Level
   a - Magic Dart                     Conjuration                  1
   b - Blink                          Translocation                2
   c - Call Imp                       Summoning                    2
   d - Repel Missiles                 Charms/Air                   2
   e - Slow                           Hexes                        2
   f - Conjure Flame                  Conjuration/Fire             3
   g - Mephitic Cloud                 Conjuration/Poison/Air       3
Miscellaneous
 f - a plain deck of changes
Comestibles
 d - 2 bread rations
 g - a royal jelly


   Skills:
 - Level 1.7 Dodging
 - Level 1.7 Stealth
 + Level 3.5 Spellcasting
 + Level 2.8 Conjurations
   Level 0.8 Summonings
   Level 0.8 Translocations


You had 9 spell levels left.
You knew the following spells:

 Your Spells              Type           Power        Failure   Level  Hunger
a - Magic Dart            Conj           ###.         3%          1    None


Dungeon Overview and Level Annotations

Branches:
Dungeon (3/15)

Annotations:
D:3 Sigmund


Innate Abilities, Weirdness & Mutations

You have an increased reservoir of magic (+10% MP).
Your attributes are resistant to harm.


Message History

Found a potion of resistance.
You feel less invigorated.
You feel less confused.
Sigmund appears from thin air!
Reactivating autopickup.
Sigmund hits you with a scythe. Sigmund barely misses you.
You closely miss Sigmund.
Sigmund is heavily wounded.
Sigmund gestures wildly while chanting.
Sigmund flickers and vanishes!
Deactivating autopickup; reactivate with Ctrl-A.
You hit something. Something hits you.
You hit something.
You hear some strange, mumbled words.
A magic dart appears from out of thin air!
The magic dart hits you!
* * * LOW HITPOINT WARNING * * *
You hit something but do no damage. Something hits you!
You die...

#. ..### #.#..
##.#.## ##.....##
# #. #....###...
#.###.@.......
.###..#.{..####..
........<.##
###.......#
#.#.#.#.# #
#.#.#.# #...#$#
....... ##..#.#


There were no monsters in sight!

Vanquished Creatures
  3 adders (D:2)
  2 worms (D:2)
  4 giant geckos
  3 bats
  4 giant cockroaches
  3 goblins (D:1)
  4 hobgoblins
  4 jackals (D:2)
  A quokka (D:2)
  4 giant newts
  10 kobolds
  7 rats
  2 plants (D:1)
51 creatures vanquished.

Notes
Turn   | Place    | Note
--------------------------------------------------------------
     0 | D:1      | gorblad the Demigod Wizard began the quest for the Orb.
     0 | D:1      | Reached XP level 1. HP: 14/14 MP: 6/6
    73 | D:1      | Reached skill level 1 in Conjurations
   653 | D:1      | Reached XP level 2. HP: 20/20 MP: 5/8
   750 | D:1      | Reached skill level 3 in Spellcasting
  1451 | D:2      | Reached XP level 3. HP: 15/26 MP: 0/10
  1665 | D:2      | Found a sparkling altar of Nemelex Xobeh.
  2257 | D:2      | Reached XP level 4. HP: 33/33 MP: 10/12
  2379 | D:3      | Noticed Sigmund
  2545 | D:3      | Slain by Sigmund

Vault maps used:
D:1:      roderic_crop_circles_arrival_small
D:2:      nemelex_deck
D:3:      serial_bayou, serial_bayou_pond_e, serial_bayou_shore_b,
          serial_bayou_pond_d, serial_bayou_shore_b, minmay_bad_closet,
          uniq_sigmund, uniq_natasha

Action                   |  1- 3 |  4- 6 || total
-------------------------+-------+-------++-------
Melee: Unarmed           |     5 |       ||     5
       Short sword       |   194 |    13 ||   207
 Cast: Magic Dart        |    90 |    18 ||   108
  Use: Scroll            |     7 |     1 ||     8
       Potion            |     3 |     1 ||     4
  Eat: Chunk             |     5 |       ||     5
